SAAA
ELLENBURG FIGHTING DACHSUNDS @ JERSEY CITY SUN CAPS
09/16/2022
 
TOP OF THE 1ST
Ellenburg Fighting Dachsunds batting - Pitching for Jersey City Sun Caps : RHP Andrew Hayes
Pitching: RHP Andrew Hayes
Batting: RHB Jesús López 0-0: Foul Ball, location: 2F
0-1: Ball
1-1: Ball
2-1: Foul Ball, location: 2F
2-2: Fly out, F6 (Popup, 6M)
Batting: LHB Rick Harrison 0-0: Called Strike
0-1: Called Strike
0-2: Ball
1-2: DOUBLE (Line Drive, 9LS)
Batting: RHB Pablo Trujillo 0-0: Ball
1-0: Called Strike
1-1: Foul Ball, location: 2F
1-2: Foul Ball, location: 2F
1-2: Ball
Wild Pitch!
Rick Harrison to third
2-2: Ball
3-2: Foul Ball, location: 2F
3-2: Foul Ball, location: 2F
3-2: Strikes out looking
Batting: SHB Virgil Eberle 0-0: Ball
1-0: Ground out 4-3 (Groundball, 34)
Top of the 1st over - 0 run(s), 1 hit(s), 0 error(s), 1 left on base; Ellenburg 0 - Jersey City 0
BOTTOM OF THE 1ST
Jersey City Sun Caps batting - Pitching for Ellenburg Fighting Dachsunds : RHP Edgar Martínez
Pitching: RHP Edgar Martínez
Batting: RHB Bryan Wilson 0-0: Ball
1-0: Swinging Strike
1-1: Ball
2-1: Called Strike
2-2: Ball
3-2: Ground out 1-3 (Groundball, 13)
Batting: RHB Jonah Moody 0-0: Ball
1-0: Foul Ball, location: 2F
1-1: Ground out 6-3 (Groundball, 6)
Batting: LHB Marlon Randall 0-0: Ball
1-0: Fly out, F4 (Line Drive, 4)
Bottom of the 1st over - 0 run(s), 0 hit(s), 0 error(s), 0 left on base; Ellenburg 0 - Jersey City 0
TOP OF THE 2ND
Ellenburg Fighting Dachsunds batting - Pitching for Jersey City Sun Caps : RHP Andrew Hayes
Batting: RHB Sherman Davis 0-0: Ball
1-0: Swinging Strike
1-1: DOUBLE (Line Drive, 89S)
Batting: RHB Travis Lee 0-0: Ball
1-0: Ball
2-0: Foul Ball, location: 2F
2-1: Ball
3-1: Base on Balls
Batting: LHB Iván Gonzáles 0-0: Swinging Strike
0-1: Called Strike
0-2: Ball
1-2: Ball
2-2: Ball
3-2: Ground out 3-1 (Groundball, 34)
Sherman Davis to third
Travis Lee to second
Batting: RHB Gerald Ambler 0-0: Foul Ball, location: 2F
0-1: Ball
1-1: Foul Ball, location: 2F
1-2: Ball
2-2: Ball
3-2: Ground out 5-3 (Groundball, 5)
Batting: LHB Ramón Hernández 0-0: Ball
1-0: Foul Ball, location: 2F
1-1: Ball
2-1: Fly out, F8 (Flyball, 8RM)
Top of the 2nd over - 0 run(s), 1 hit(s), 0 error(s), 2 left on base; Ellenburg 0 - Jersey City 0
BOTTOM OF THE 2ND
Jersey City Sun Caps batting - Pitching for Ellenburg Fighting Dachsunds : RHP Edgar Martínez
Batting: RHB Tony Quintana 0-0: SINGLE (Line Drive, 9S)
Batting: LHB Miguel Martínez 0-0: Ball
1-0: Swinging Strike
1-1: Foul Ball, location: 2F
1-2: Ball
2-2: Fly out, F4 (Popup, 3DF)
Batting: RHB Micheal Murdoch 0-0: Ground out 5-3 (Groundball, 56S)
Tony Quintana to second
Batting: SHB Dominique Prost 0-0: Ball
1-0: Ball
2-0: Called Strike
2-1: Foul Ball, location: 2F
2-2: Ball
3-2: Base on Balls
Batting: RHB Roy Williams 0-0: Foul Ball, location: 2F
0-1: Ball
1-1: Ball
Wild Pitch!
Tony Quintana to third
Dominique Prost to second
2-1: Ball
3-1: Foul Ball, location: 2F
3-2: Base on Balls
Batting: RHB Christian O'Dell 0-0: Foul Ball, location: 2F
0-1: Ball
1-1: Ground out 6-3 (Groundball, 6)
Bottom of the 2nd over - 0 run(s), 1 hit(s), 0 error(s), 3 left on base; Ellenburg 0 - Jersey City 0
TOP OF THE 3RD
Ellenburg Fighting Dachsunds batting - Pitching for Jersey City Sun Caps : RHP Andrew Hayes
Batting: RHB Jesús López 0-0: Called Strike
0-1: Called Strike
0-2: Ball
1-2: Foul Ball, location: 2F
1-2: Ground out 6-3 (Groundball, 6)
Batting: LHB Rick Harrison 0-0: Called Strike
0-1: Called Strike
0-2: Foul Ball, location: 2F
0-2: Ball
1-2: Fly out, F6 (Popup, 6D)
Batting: RHB Pablo Trujillo 0-0: Ball
1-0: Ground out 5-3 (Groundball, 5)
Top of the 3rd over - 0 run(s), 0 hit(s), 0 error(s), 0 left on base; Ellenburg 0 - Jersey City 0
BOTTOM OF THE 3RD
Jersey City Sun Caps batting - Pitching for Ellenburg Fighting Dachsunds : RHP Edgar Martínez
Batting: RHB Bryan Wilson 0-0: Ground out 3-1 (Groundball, 34S)
Batting: RHB Jonah Moody 0-0: Ball
1-0: Called Strike
1-1: Called Strike
1-2: Foul Ball, location: 2F
1-2: Strikes out swinging
Batting: LHB Marlon Randall 0-0: Swinging Strike
0-1: Ball
1-1: Ball
2-1: Foul Ball, location: 2F
2-2: SINGLE (Line Drive, 9S)
Batting: RHB Tony Quintana 0-0: Called Strike
0-1: Called Strike
0-2: Ball
1-2: Ball
2-2: Strikes out swinging
Bottom of the 3rd over - 0 run(s), 1 hit(s), 0 error(s), 1 left on base; Ellenburg 0 - Jersey City 0
TOP OF THE 4TH
Ellenburg Fighting Dachsunds batting - Pitching for Jersey City Sun Caps : RHP Andrew Hayes
Batting: SHB Virgil Eberle 0-0: Ball
1-0: Foul Ball, location: 2F
1-1: Called Strike
1-2: Ball
2-2: DOUBLE (Line Drive, 78XD)
Batting: RHB Sherman Davis 0-0: Called Strike
0-1: Ground out 5-3 (Groundball, 56S)
Virgil Eberle to third
Batting: RHB Travis Lee 0-0: Swinging Strike
0-1: Swinging Strike
0-2: Strikes out swinging
Batting: LHB Iván Gonzáles 0-0: Ball
1-0: Ball
2-0: Swinging Strike
2-1: Swinging Strike
2-2: Strikes out looking
Top of the 4th over - 0 run(s), 1 hit(s), 0 error(s), 1 left on base; Ellenburg 0 - Jersey City 0
BOTTOM OF THE 4TH
Jersey City Sun Caps batting - Pitching for Ellenburg Fighting Dachsunds : RHP Edgar Martínez
Batting: LHB Miguel Martínez 0-0: Fly out, F9 (Flyball, 9LSF)
Batting: RHB Micheal Murdoch 0-0: Ball
1-0: Ball
2-0: Ball
3-0: Called Strike
3-1: Base on Balls
Batting: SHB Dominique Prost 0-0: Grounds into double play, U3-6 (Groundball, 3L)
Bottom of the 4th over - 0 run(s), 0 hit(s), 0 error(s), 0 left on base; Ellenburg 0 - Jersey City 0
TOP OF THE 5TH
Ellenburg Fighting Dachsunds batting - Pitching for Jersey City Sun Caps : RHP Andrew Hayes
Batting: RHB Gerald Ambler 0-0: Ball
1-0: Ground out 2-3 (Groundball, 2R)
Batting: LHB Ramón Hernández 0-0: Ground out 1-3 (Groundball, 13S)
Batting: RHB Jesús López 0-0: Fly out, F2 (Popup, 2LF)
Top of the 5th over - 0 run(s), 0 hit(s), 0 error(s), 0 left on base; Ellenburg 0 - Jersey City 0
BOTTOM OF THE 5TH
Jersey City Sun Caps batting - Pitching for Ellenburg Fighting Dachsunds : RHP Edgar Martínez
Batting: RHB Roy Williams 0-0: Ball
1-0: Fly out, F4 (Line Drive, 4)
Batting: RHB Christian O'Dell 0-0: Ball
1-0: Ball
2-0: Ball
3-0: Called Strike
3-1: Base on Balls
Batting: RHB Bryan Wilson 0-0: Called Strike
0-1: Foul Ball, location: 2F
0-2: Ball
1-2: Ball
2-2: Ball
3-2: Foul Ball, location: 2F
3-2: Foul Ball, location: 2F
3-2: Foul Ball, location: 2F
3-2: Fly out, F6 (Popup, 6)
Pitching: RHP Jim Unknown
Batting: RHB Jonah Moody 0-0: Called Strike
0-1: Swinging Strike
0-2: Ball
1-2: Ball
2-2: Ball
Wild Pitch!
Christian O'Dell to second
3-2: Base on Balls
Batting: LHB Marlon Randall 0-0: Called Strike
0-1: Foul Ball, location: 2F
0-2: Ball
1-2: Ball
2-2: 3-RUN HOME RUN (Flyball, 9D), Distance : 371 ft
Batting: RHB Tony Quintana 0-0: Called Strike
0-1: Swinging Strike
0-2: DOUBLE (Flyball, 9LD)
Batting: LHB Miguel Martínez 0-0: Ball
1-0: Ball
2-0: Swinging Strike
2-1: Called Strike
2-2: Strikes out swinging
Bottom of the 5th over - 3 run(s), 2 hit(s), 0 error(s), 1 left on base; Ellenburg 0 - Jersey City 3
TOP OF THE 6TH
Ellenburg Fighting Dachsunds batting - Pitching for Jersey City Sun Caps : RHP Andrew Hayes
Batting: LHB Rick Harrison 0-0: Called Strike
0-1: SINGLE (Line Drive, 4MD)
Batting: RHB Pablo Trujillo 0-0: Foul Ball, location: 2F
0-1: Swinging Strike
0-2: Strikes out swinging
Batting: SHB Virgil Eberle 0-0: Ball
1-0: Swinging Strike
1-1: Ball
2-1: Fielders Choice at 2nd, 5-4 (Groundball, 56)
Batting: RHB Sherman Davis 0-0: Foul Ball, location: 2F
0-1: Foul Ball, location: 2F
0-2: Fly out, F7 (Flyball, 78M)
Top of the 6th over - 0 run(s), 1 hit(s), 0 error(s), 1 left on base; Ellenburg 0 - Jersey City 3
BOTTOM OF THE 6TH
Jersey City Sun Caps batting - Pitching for Ellenburg Fighting Dachsunds : RHP Jim Unknown
Batting: RHB Micheal Murdoch 0-0: Ball
1-0: Ball
2-0: Foul Ball, location: 2F
2-1: Ball
3-1: Fly out, F7 (Flyball, 7LM)
Batting: SHB Dominique Prost 0-0: Foul Ball, location: 2F
0-1: Ground out 4-3 (Groundball, 4M)
Batting: RHB Roy Williams 0-0: Ball
1-0: Fly out, F4 (Popup, 3)
Bottom of the 6th over - 0 run(s), 0 hit(s), 0 error(s), 0 left on base; Ellenburg 0 - Jersey City 3
TOP OF THE 7TH
Ellenburg Fighting Dachsunds batting - Pitching for Jersey City Sun Caps : RHP Andrew Hayes
Batting: RHB Travis Lee 0-0: Ground out 1-3 (Groundball, 13S)
Batting: LHB Iván Gonzáles 0-0: Called Strike
0-1: Foul Ball, location: 2F
0-2: Ball
1-2: Foul Ball, location: 2F
1-2: Ball
2-2: Strikes out looking
Batting: RHB Gerald Ambler 0-0: Swinging Strike
0-1: Foul Ball, location: 2F
0-2: Ball
1-2: Ball
2-2: Ground out 6-3 (Groundball, 6M)
Top of the 7th over - 0 run(s), 0 hit(s), 0 error(s), 0 left on base; Ellenburg 0 - Jersey City 3
BOTTOM OF THE 7TH
Jersey City Sun Caps batting - Pitching for Ellenburg Fighting Dachsunds : RHP Jim Unknown
Batting: RHB Christian O'Dell 0-0: Ball
1-0: Ball
2-0: Called Strike
2-1: Ball
3-1: Called Strike
3-2: Strikes out looking
Batting: RHB Bryan Wilson 0-0: Called Strike
0-1: Ball
1-1: Foul Ball, location: 2F
1-2: Ground out 4-3 (Groundball, 4M)
Batting: RHB Jonah Moody 0-0: Called Strike
0-1: Foul Ball, location: 2F
0-2: Ball
1-2: Ball
2-2: SINGLE (Line Drive, 6D)
Batting: LHB Marlon Randall 0-0: Fly out, F7 (Flyball, 7LM)
Bottom of the 7th over - 0 run(s), 1 hit(s), 0 error(s), 1 left on base; Ellenburg 0 - Jersey City 3
TOP OF THE 8TH
Ellenburg Fighting Dachsunds batting - Pitching for Jersey City Sun Caps : RHP Andrew Hayes
Now at SS: Harry Reynolds
Batting: LHB Ramón Hernández 0-0: Ball
1-0: Ball
2-0: Swinging Strike
2-1: Ball
3-1: Called Strike
3-2: SINGLE (Popup, 8LS)
Batting: RHB Jesús López Balk!
Ramón Hernández to second
0-0: Ball
Wild Pitch!
Ramón Hernández to third
1-0: Ball
2-0: Foul Ball, location: 2F
2-1: SINGLE (Groundball, 56D)
Ramón Hernández scores
Pitching: RHP Jim Unknown
Batting: LHB Rick Harrison 0-0: Ball
1-0: Called Strike
1-1: Ball
2-1: Called Strike
2-2: Ball
3-2: Fielders Choice at 2nd, 3-6 (Groundball, 3)
Batting: RHB Pablo Trujillo 0-0: Called Strike
0-1: Foul Ball, location: 2F
0-2: Ball
1-2: Ball
2-2: Ball
3-2: Base on Balls
Rick Harrison to second
Batting: SHB Virgil Eberle 0-0: SINGLE (Line Drive, 56)
Rick Harrison to third
Pablo Trujillo to second
Runner from 3rd tries for Home, SAFE, no throw or cutoff
Pinch Hitting: LHB Miguel Chávez 0-0: Grounds into double play, 4-6-3 (Groundball, 4)
Top of the 8th over - 2 run(s), 3 hit(s), 0 error(s), 1 left on base; Ellenburg 2 - Jersey City 3
BOTTOM OF THE 8TH
Jersey City Sun Caps batting - Pitching for Ellenburg Fighting Dachsunds : RHP Jim Unknown
Now in LF: Miguel Chávez
Batting: RHB Tony Quintana 0-0: Called Strike
0-1: Ground out 6-3 (Groundball, 6)
Batting: LHB Miguel Martínez 0-0: Called Strike
0-1: Ball
1-1: Called Strike
1-2: Ball
2-2: Strikes out swinging
Pitching: RHP Sean Evans
Batting: RHB Micheal Murdoch 0-0: Called Strike
0-1: Fly out, F9 (Flyball, 9M)
Bottom of the 8th over - 0 run(s), 0 hit(s), 0 error(s), 0 left on base; Ellenburg 2 - Jersey City 3
TOP OF THE 9TH
Ellenburg Fighting Dachsunds batting - Pitching for Jersey City Sun Caps : RHP Jim Unknown
Now in RF: Anrrique Bolo
Batting: RHB Travis Lee 0-0: Ball
1-0: TRIPLE (Flyball, 78XD)
Batting: LHB Iván Gonzáles 0-0: Ball
1-0: Ball
2-0: Ball
3-0: Foul Ball, location: 2F
3-1: Base on Balls
Batting: RHB Gerald Ambler 0-0: Called Strike
0-1: Swinging Strike
0-2: Foul Ball, location: 2F
0-2: Ball
1-2: Foul Ball, location: 2F
1-2: Foul Ball, location: 2F
1-2: Strikes out looking
Batting: LHB Ramón Hernández 0-0: Ball
1-0: Fly out, F8 (Flyball, 8LS)
Batting: RHB Jesús López 0-0: Called Strike
0-1: Called Strike
0-2: Strikes out looking
Top of the 9th over - 0 run(s), 1 hit(s), 0 error(s), 2 left on base; Ellenburg 2 - Jersey City 3
This league is powered by Out of the Park Baseball, the baseball management simulation game for PC, Mac and Linux
Friday, April 15th, 2016 - OOTP Baseball 16.9 Build 39